 Dungeon Crawl Stone Soup version 0.21.0-3-g78d12a8 (webtiles) character file.

347 tv1990 the Bolt Thrower (level 6, 0/48 HPs)
             Began as a Formicid Hunter on Jan 9, 2018.
             Was an Initiate of Okawaru.
             Slain by a red ugly thing (20 damage)
             ... on level 11 of the Dungeon.
             The game lasted 00:08:20 (2979 turns).

tv1990 the Bolt Thrower (Formicid Hunter)           Turns: 2979, Time: 00:08:21

Health: 0/48       AC: 12    Str: 16    XL:     6   Next: 91%
Magic:  6/6        EV:  5    Int: 11    God:    Okawaru [......]
Gold:   223        SH:  0    Dex: 13    Spells: 5/5 levels left

rFire    . . .     SeeInvis +   a - +1 hand crossbow
rCold    . . .     Gourm    .   (no shield)
rNeg     . . .     Faith    .   n - +0 plate armour
rPois    .         Spirit   .   (helmet unavailable)
rElec    .         Reflect  .   (no cloak)
rCorr    +         Harm     .   (no gloves)
MR       +....                  p - +0 pair of boots
Stlth    ..........             (no amulet)
HPRegen  0.16/turn              i - ring of resist corrosion
MPRegen  0.10/turn              k - ring of protection from magic

@: no status effects
A: permanent stasis, dig shafts and tunnels, four strong arms, antennae 3
a: Dig, Shaft Self, Renounce Religion


You were on level 11 of the Dungeon.
You worshipped Okawaru.
Okawaru was noncommittal.
You were not hungry.

You visited 1 branch of the dungeon, and saw 7 of its levels.

You collected 223 gold pieces.

Inventory:

Hand Weapons
 a - a +1 hand crossbow (weapon)
 b - a +0 short sword
 e - a +0 mace
Missiles
 d - 6 bolts (quivered)
Armour
 c - a +0 leather armour
 n - a +0 plate armour (worn)
 p - a +0 pair of boots (worn)
 q - a +0 pair of boots
Jewellery
 i - a ring of resist corrosion (left hand)
 k - a ring of protection from magic (right hand)
Scrolls
 h - a scroll of teleportation {unknown}
 l - 2 scrolls of amnesia
 o - a scroll of fog
 t - 4 scrolls of identify {unknown}
 x - a scroll of remove curse
 z - a scroll of fear {unknown}
Potions
 g - a potion of flight
 j - a potion of degeneration {unknown}
 m - 2 potions of curing {unknown}
 r - a potion of haste {unknown}
 s - a potion of might {unknown}
 u - a potion of agility {unknown}
 v - a potion of invisibility
 w - a potion of brilliance {unknown}
Books
 y - a book of Changes

   Spells                             Type                      Level
   a - Beastly Appendage              Transmutation                1
   b - Sticks to Snakes               Transmutation                2
   c - Spider Form                    Transmutation/Poison         3
   d - Ice Form                       Ice/Transmutation            4
   e - Blade Hands                    Transmutation                5
Comestibles
 f - 7 rations


   Skills:
 - Level 4.1 Fighting
 + Level 6.1 Crossbows
 - Level 3.2 Armour
 - Level 1.7 Dodging
 - Level 1.2 Stealth
 + Level 0.0 Invocations


You had 5 spell levels left.
You didn't know any spells.

Dungeon Overview and Level Annotations

Branches:
Dungeon (8/15)
 Temple: D:4-7         Lair: D:8-11

Altars:
Dithmenos
Hepliaklqana
Makhleb
Okawaru
Xom

Annotations:
D:5 Ignatius881's ghost, novice DEFE


Innate Abilities, Weirdness & Mutations

You cannot be hasted, slowed, berserked, paralysed or teleported.
You can dig through walls and to a lower floor.
Your four strong arms can wield two-handed weapons with a shield.
You have a pair of large antennae on your head. (SInv)


Message History

Found three items.
Wield which item (- for none, * to show all)? (? for menu, Esc to quit)
a - a +1 hand crossbow (weapon)
Aim: a red ugly thing You shoot a bolt.
The bolt completely misses the red ugly thing.
Aim: a red ugly thing You shoot a bolt.
The bolt hits the red ugly thing.
The red ugly thing tentacle-slaps you.
You are engulfed in flames!
Aim: a red ugly thing You shoot a bolt.
The bolt closely misses the red ugly thing.
The red ugly thing completely misses you.
Aim: a red ugly thing You shoot a bolt.
The bolt hits the red ugly thing but does no damage.
The red ugly thing tentacle-slaps you!
* * * LOW HITPOINT WARNING * * *
You are engulfed in flames!!
You die...

#..?....#
#(......#
#.......#
#.....?.#
+.......#
#..(....#
#...u...#
#...@...+
#.......#
#$......#
#########


You could see a red ugly thing.

Vanquished Creatures
  A phantom (D:4)
  A hound (D:4)
  An iron imp (D:2)
  Jessica (D:2)
  An iguana (D:4)
  2 worker ants
  An adder (D:2)
  A gnoll (D:4)
  An ooze (D:4)
  An adder skeleton (D:2)
  2 worms (D:2)
  2 dart slugs (D:1)
  A leopard gecko (D:2)
  5 orcs
  A giant cockroach (D:3)
  5 goblins
  9 hobgoblins
  3 jackals (D:4)
  11 kobolds
  2 quokkas
  2 ball pythons
  9 bats
  4 rats
67 creatures vanquished.

Notes
Turn   | Place    | Note
-------+----------+-------------------------------------------
     0 | D:1      | tv1990 the Formicid Hunter began the quest for the Orb.
     0 | D:1      | Reached XP level 1. HP: 16/16 MP: 1/1
   232 | D:1      | Reached XP level 2. HP: 23/23 MP: 2/2
   450 | D:1      | Reached skill level 1 in Armour
   619 | D:1      | Reached XP level 3. HP: 28/28 MP: 3/3
  1057 | D:2      | Found a burning altar of Makhleb.
  1060 | D:2      | Reached XP level 4. HP: 35/35 MP: 4/4
  1206 | D:2      | Noticed Jessica
  1208 | D:2      | Killed Jessica
  1208 | D:2      | Reached skill level 5 in Crossbows
  1208 | D:2      | Reached XP level 5. HP: 41/41 MP: 5/5
  1293 | D:2      | Found a hazy altar of Hepliaklqana.
  1546 | D:3      | You fall through a shaft!
  1591 | D:4      | Reached XP level 6. HP: 6/47 MP: 6/6
  1960 | D:4      | Found an iron altar of Okawaru.
  1968 | D:4      | Became a worshipper of Warmaster Okawaru
  2111 | D:3      | Found a shimmering altar of Xom.
  2111 | D:3      | Found a shadowy altar of Dithmenos.
  2580 | D:4      | Noticed a phantom
  2611 | D:4      | Killed a phantom
  2611 | D:4      | Reached skill level 6 in Crossbows
  2675 | D:4      | Noticed an ogre
  2689 | D:4      | You fall through a shaft!
  2689 | D:5      | Entered Level 5 of the Dungeon
  2689 | D:5      | Noticed Ignatius881's ghost (novice DEFE)
  2692 | D:5      | You fall through a shaft for 3 floors!
  2974 | D:8      | You fall through a shaft for 3 floors!
  2974 | D:11     | Noticed a red ugly thing
  2979 | D:11     | Slain by a red ugly thing

Skill      XL: |  1  2  3  4  5  6 |
---------------+-------------------+-----
Armour         | 1 2 3 |  3.2
Fighting       | 3 4 |  4.1
Crossbows      | 5 6 |  6.1
Dodging        | |  1.7
Stealth        | |  1.2

Action                   |  1- 3 |  4- 6 || total
-------------------------+-------+-------++-------
Melee: Mace              |     2 |   161 ||   163
 Fire: Hand crossbow     |    58 |    52 ||   110
 Abil: Shaft Self        |       |     3 ||     3
       Dig               |       |     2 ||     2
  Use: Scroll            |     3 |       ||     3
       Potion            |       |     2 ||     2
  Eat: Chunk             |       |     8 ||     8
Armor: Leather armour    |     2 |       ||     2
       Plate armour      |     2 |   147 ||   149
Dodge: Dodged            |     6 |    57 ||    63

Vault maps used:
D:1:      nzn_arrival_depleted_hourglass
D:2:      overflow_temple_1_default, makhleb_grotto_becter,
          kennysheep_generic_room_3, uniq_jessica
D:3:      gammafunk_temple_overflow_wave, first_ration, kennysheep_small_spiral
D:4:      serial_shops, kennysheep_little_box, st_stairs_12,
          serial_park_tiny_pond, okawaru_altar_gauntlet_db
D:5:      kennysheep_mini_moat, marbit_many_paths, minmay_temple_entry_grid,
          cheibrodos_gnoll_hut
D:8:      dancing_weapons_uskayaw, gammafunk_temple_overflow_pools,
          serial_shops, shop, david_nohive_1, serial_park_tiny_2, uniq_grum
D:11:     minmay_lair_entry_lava, basic_altar, uniq_nergalle
